 Dungeon Crawl Stone Soup version 0.31-a0-596-g831eee08f1 (webtiles) character file.

Game seed: 8275001332312707633

65 Arcadio the Grave Robber (level 4, 0/27 HPs)
             Began as an Octopode Necromancer on Aug 20, 2023.
             Slain by Crazy Yiuf
             ... wielding a +4 quarterstaff of chaos
              (14 damage)
             ... on level 2 of the Dungeon.
             The game lasted 00:02:51 (1534 turns).

Arcadio the Grave Robber (Octopode Necromancer)     Turns: 1534, Time: 00:02:51

Health: 0/27       AC:  1    Str:  7    XL:     4   Next: 13%
Magic:  0/8        EV: 13    Int: 19    God:
Gold:   115        SH:  0    Dex: 12    Spells: 4/8 levels left

rFire   . . .        c - +0 dagger
rCold   . . .        (no shield)
rNeg    . . .        (helmet restricted)
rPois   .            (no amulet)
rElec   .            (no ring)
rCorr   .            (no ring)
SInv    .            (no ring)
Will    .....        (no ring)
Stlth   +++          (no ring)
HPRegen 0.24/turn    (no ring)
MPRegen 0.11/turn    (no ring)
                     (no ring)

%: no passive effects
@: no status effects
A: almost no armour, amphibious, 8 rings, camouflage 1, gelatinous body 1,
(nimble swimmer 1), tentacles
a: no special abilities


You were on level 2 of the Dungeon.
You visited 1 branch of the dungeon, and saw 2 of its levels.

You collected 115 gold pieces.

Inventory:

Hand Weapons
 c - a +0 dagger (weapon)
Jewellery
 i - a ring of ice
Scrolls
 b - a scroll of identify {unknown}
 d - a scroll of vulnerability {unknown}
 f - a scroll of amnesia {unknown}
 g - a scroll of fog {unknown}
 h - a scroll of fear {unknown}
 j - a scroll of revelation {unknown}
Potions
 a - a potion of magic
 e - a potion of resistance {unknown}
 k - a potion of mutation {unknown}
 l - a potion of brilliance {unknown}


   Skills:
 + Level 2.9 Dodging
 - Level 2.6 Stealth
 + Level 2.7 Spellcasting
 + Level 4.5 Necromancy


You had 4 spell levels left.
You knew the following spells:

 Your Spells              Type           Power      Damage    Failure   Level
a - Necrotise             Necr           80%        1d8       2%          1
b - Vampiric Draining     Necr           20%        2d7       7%          3

Your spell library contained the following spells:

 Spells                   Type           Power      Damage    Failure   Level
 Animate Dead             Necr           20%        N/A       24%         4
 Agony                    Necr           20%        N/A       54%         5


Dungeon Overview and Level Annotations

Branches:
Dungeon (2/15) Zot: 10465

Altars:

Annotations:
D:2 Crazy Yiuf


Innate Abilities, Weirdness & Mutations

You cannot wear most types of armour.
You are amphibious.
You can wear up to eight rings at the same time.
Your skin changes colour to match your surroundings (Stealth+).
Your rubbery body absorbs attacks. (AC +1, EV +1)
((You are camouflaged when in or above water. (Stealth+)))
You have tentacles for arms and can constrict up to eight enemies at once.


Message History

You see here a +0 hammer.
You see here a +0 hammer.
Press: ? - help, v - describe, . - travel A stone wall.
You open the door.
Casting: Necrotise (safe; 2% risk of failure)
Confirm with . or Enter, or press ? or * to list all spells.
Aiming: Necrotise (safe; 2% risk of failure)
Press: ? - help, Shift-Dir - straight line, f - Crazy Yiuf
Aim: Crazy Yiuf, wielding a +4 quarterstaff of chaos and wearing a +0 cloak (wandering, hasn't noticed you, chance to affect: 84%) Crazy Yiuf shouts!
Crazy Yiuf barely resists.
Crazy Yiuf cries, "You!"
Casting: Necrotise (safe; 2% risk of failure)
Confirm with . or Enter, or press ? or * to list all spells.
Aiming: Necrotise (safe; 2% risk of failure)
Press: ? - help, Shift-Dir - straight line, f/p - Crazy Yiuf
Aim: Crazy Yiuf, wielding a +4 quarterstaff of chaos and wearing a +0 cloak (chance to affect: 84%) Crazy Yiuf barely resists.
Crazy Yiuf says, "Crazy?
Crazy!?
PORCUPINE!"
Casting: Necrotise (safe; 2% risk of failure)
Confirm with . or Enter, or press ? or * to list all spells.
Aiming: Necrotise (safe; 2% risk of failure)
Press: ? - help, Shift-Dir - straight line, f/p - Crazy Yiuf
Aim: Crazy Yiuf, wielding a +4 quarterstaff of chaos and wearing a +0 cloak (chance to affect: 84%) Crazy Yiuf barely resists.
You barely miss Crazy Yiuf. You grab Crazy Yiuf.
You constrict Crazy Yiuf, but do no damage.
Crazy Yiuf hits you with a +4 quarterstaff of chaos!
Ouch! That really hurt!
You feel your power leaking away.
You hit Crazy Yiuf but do no damage. You squeeze Crazy Yiuf.
Crazy Yiuf is lightly wounded.
You constrict Crazy Yiuf. Crazy Yiuf completely misses you.
You completely miss Crazy Yiuf.
Crazy Yiuf is lightly wounded.
You constrict Crazy Yiuf.
Crazy Yiuf hits you with a +4 quarterstaff of chaos!
Ouch! That really hurt!
You die...

#...# ###....#
#..#.......# #...#
#....# ##.#.#####.#
##### ♣P...♣ ###.#
#.# ♣♣PP.♣ #.# #.#
######## ♣♣)♣♣ #.#
#.# ####......# ♣♣.♣
#.# #.# ......###.##
♣)♣♣ #.# #.#
...........# ♣♣)♣
#.# #.# .......##.##
♣@♣♣ #.# #.#
...........# #g# #.#
#.# ......###†## )).
#.#####.# (.....#
#..# #)).# #.#......
####.## #..# #).)#
#.#.###.# #.# #..#
##### #.#.# #.# #.#
#.## #.#.# #.#
####.####.## ###
#.#.# #..
.##........#
######.#####.#.#####


You could see Crazy Yiuf.

Vanquished Creatures
  An adder (D:2)
  A worm (D:2)
  A dart slug (D:1)
  3 bats (D:1)
  3 endoplasms
  3 giant cockroaches
  3 goblins
  4 hobgoblins
  6 jackals (D:1)
  3 kobolds
  A quokka (D:2)
  8 ball pythons
  A frilled lizard (D:1)
  4 rats
42 creatures vanquished.

Vanquished Creatures (collateral kills)
  A giant cockroach (D:1)
  A kobold (D:1)
  A ball python (D:1)
3 creatures vanquished.

Grand Total: 45 creatures vanquished

Notes
Turn   | Place    | Note
-------+----------+-------------------------------------------
     0 | D:1      | Arcadio the Octopode Necromancer began the quest for the
                  | Orb.
     0 | D:1      | Reached XP level 1. HP: 11/11 MP: 3/3
   151 | D:1      | Reached XP level 2. HP: 17/17 MP: 1/5
   423 | D:1      | Reached XP level 3. HP: 21/21 MP: 6/6
   589 | D:1      | Learned a level 3 spell: Vampiric Draining
   968 | D:2      | Found a runed translucent door.
   969 | D:2      | Noticed Crazy Yiuf
  1010 | D:2      | Reached XP level 4. HP: 27/27 MP: 8/8
  1534 | D:2      | Slain by Crazy Yiuf

Illustrated notes

Levels and vault maps discovered:
D:1:      minmay_arrival_open_corners, layout_rooms
D:2:      layout_basic, uniq_crazy_yiuf_cottage

Action                     |  1- 3 |  4- 6 || total
---------------------------+-------+-------++-------
  Melee: Dagger            |    46 |    10 ||    56
         Constrict         |    14 |     2 ||    16
         Punch             |     1 |     1 ||     2
         Tentacles         |    10 |     3 ||    13
   Cast: Necrotise         |    29 |     8 ||    37
   Stab: Sleeping          |     6 |     1 ||     7
 Armour: Skin              |     7 |       ||     7
  Dodge: Dodged            |    46 |     5 ||    51

Table legend: (Time is in decaauts)
 A = Elapsed time spent in this place.
 B = Non-inter-level travel time spent in this place.
 C = Inter-level travel time spent in this place.
 D = Time resting spent in this place.
 E = Time spent auto-exploring this place.
 F = Levels seen in this place.
 G = Mean time per level.
                   A        B        C        D        E       F      G
               +--------+--------+--------+--------+--------+-----+--------+
         Total |   1533 |   1519 |     14 |     50 |   1161 |   2 |  766.5 |
       Dungeon |   1533 |   1519 |     14 |     50 |   1161 |   2 |  766.5 |
               +--------+--------+--------+--------+--------+-----+--------+

Top non-repeatable levels by time:
     D:2: 887 daAuts
     D:1: 645 daAuts
